Map: Orbital Shipyard

Players

xKawaiian

  • Race: Terran Terran
  • League: Master

lIIIIIllllII - Winner!

  • Race: Protoss Protoss
  • League: Master

VOD

Have the link to the VOD?

Description

Time

  • Played on: Jan. 15, 2016, 5:13 p.m.
  • Length: 5:53
Show
View Real Time Build Order
Export as new Build Order

xKawaiian Terran 

Build Orders: Reaper Expand 

Get SALT Encoding   

  12  0:01  SCV  
  13  0:13  SCV  
  14  0:17  Supply Depot  
  14  0:25  SCV  
  15  0:39  SCV  
  15  0:41  Barracks  
  16  0:48  Refinery  
  16  0:51  SCV  
  17  1:03  SCV  
  18  1:15  SCV  
  19  1:29  Orbital Command  
  19  1:34  Reaper  
  20  1:41  Command Center  
  20  1:52  Supply Depot  
  20  1:56  SCV  
  21  2:06  Barracks Reactor  
  21  2:08  SCV  
  22  2:14  Barracks  
  22  2:21  SCV  
  22  2:22  Barracks  
  23  2:33  SCV  
  24  2:42  Marine x2  
  26  2:45  SCV  
  27  2:55  Orbital Command  
  27  2:57  SCV  
  28  2:58  Engineering Bay  
  28  3:00  Marine x2  
  28  3:01  Marine  
  28  3:04  Factory  
  31  3:09  SCV  
  32  3:15  Bunker  
  32  3:18  Marine  
  32  3:19  Barracks Tech Lab  
  33  3:23  Marine  
  33  3:26  Missile Turret  
  34  3:32  SCV  
  34  3:33  SCV  
  36  3:38  Marine  
  37  3:42  Bunker  
  37  3:44  Supply Depot  
  37  3:45  SCV  
  37  3:48  Barracks Tech Lab, Marine  
  38  3:49  Refinery  
  38  3:50  SCV  
  38  3:54  Cyclone  
  43  3:57  Marine  
  43  4:00  SCV  
  43  4:02  SCV  
  46  4:06  Marine x2  
  47  4:12  SCV  
  47  4:14  SCV  
  49  4:19  Marine  
  49  4:23  Marine  
  52  4:24  SCV, Barracks  
  52  4:26  SCV  
  52  4:29  Supply Depot  
  53  4:36  SCV  
  54  4:40  Supply Depot  
  54  4:45  Marine  
  53  4:50  SCV, Cyclone, Marine x2  
  53  4:52  SCV  
  61  4:54  Supply Depot  
  61  5:03  SCV  
  61  5:07  SCV, Marine  
  62  5:08  Missile Turret, Marine  
  62  5:09  Missile Turret  
  62  5:13  Barracks Tech Lab  
  65  5:15  Starport  
  65  5:17  SCV  
  63  5:22  Marine  
  63  5:24  Marine  
  59  5:28  Marine  
  59  5:32  Marine  
Show
View Real Time Build Order
Export as new Build Order

lIIIIIllllII Protoss - Winner!

Build Orders:  

Get SALT Encoding   

  12  0:02  Probe (Chrono Boost)  
  13  0:12  Probe (Chrono Boost)  
  14  0:21  Pylon  
  14  0:23  Probe (Chrono Boost)  
  15  0:39  Probe (Chrono Boost)  
  15  0:42  Gateway  
  16  0:49  Assimilator  
  16  0:51  Probe (Chrono Boost)  
  17  0:57  Assimilator  
  17  1:01  Probe (Chrono Boost)  
  18  1:05  Pylon  
  18  1:12  Probe (Chrono Boost)  
  19  1:23  Probe (Chrono Boost)  
  20  1:29  Cybernetics Core  
  20  1:34  Pylon  
  20  1:35  Probe (Chrono Boost)  
  21  1:45  Probe (Chrono Boost)  
  22  1:57  Probe (Chrono Boost)  
  23  2:06  Robotics Facility  
  23  2:08  Adept (Chrono Boost)  
  25  2:09  Warp Gate  
  25  2:28  Gateway  
  25  2:32  Adept (Chrono Boost)  
  27  3:04  Immortal (Chrono Boost)  
  31  3:23  Gateway  
  31  3:39  Immortal (Chrono Boost)  
  35  3:42  Pylon  
  35  3:43  Gateway  
  35  3:56  Probe, Pylon  
  36  4:13  Warp Prism (Chrono Boost)  
  38  4:26  Adept x2  
  38  4:30  Adept  
  43  4:54  Pylon  
  43  4:59  Adept x3  
  49  5:38  Adept x4  
Tags
 
Add a new tag
Caveats
  • Supply blocks, unpowered buildings, or Contaminate may cause inaccurate times.
  • Supply counts are checked every 10 seconds.